 Dungeon Crawl Stone Soup version 0.29.1-12-g30fa7ad0bf (webtiles) character file.

Game seed: 5482556475941807213

550 ChadusMaximus the Covered (level 7, 0/61 HPs)
             Began as a Minotaur Fighter on Dec 14, 2022.
             Was a Follower of Okawaru.
             Slain by an ice beast (12 damage)
             ... on level 5 of the Dungeon.
             The game lasted 00:04:02 (4383 turns).

ChadusMaximus the Covered (Minotaur Fighter)        Turns: 4383, Time: 00:04:03

Health: 0/61       AC:  8    Str: 23    XL:     7   Next: 7%
Magic:  7/7        EV:  9    Int:  5    God:    Okawaru [*.....]
Gold:   232        SH:  5    Dex:  9    Spells: 6/6 levels left

rFire   . . .      SeeInvis .   a - +0 war axe
rCold   . . .      Faith    .   c - +0 buckler
rNeg    . . .      Spirit   .   b - +0 scale mail
rPois   .          Reflect  .   (helmet restricted)
rElec   .          Harm     .   (no cloak)
rCorr   .          Rampage  .   z - +0 pair of gloves
Will    .....                   (no boots)
Stlth   ..........              (no amulet)
HPRegen 0.20/turn               (no ring)
MPRegen 0.10/turn               (no ring)

@: no status effects
A: horns 2, retaliatory headbutt
a: Renounce Religion, Heroism


You were on level 5 of the Dungeon.
You worshipped Okawaru.
Okawaru was aware of your devotion.
You visited 2 branches of the dungeon, and saw 6 of its levels.

You collected 232 gold pieces.

Inventory:

Hand Weapons
 a - a +0 war axe (weapon)
Armour
 b - a +0 scale mail (worn)
 c - a +0 buckler (worn)
 z - a +0 pair of gloves (worn)
Jewellery
 j - a ring of resist corrosion
 q - a ring of fire
 v - a +6 ring of dexterity
Wands
 s - a wand of flame (6)
Scrolls
 e - 3 scrolls of noise {unknown}
 i - 7 scrolls of identify {unknown}
 l - 2 scrolls of magic mapping {unknown}
 n - a scroll of amnesia {unknown}
 p - a scroll of vulnerability {unknown}
 r - a scroll of teleportation {unknown}
 t - a scroll of immolation {unknown}
 u - a scroll of enchant armour {unknown}
 x - a scroll of enchant weapon {unknown}
 y - a scroll of poison {unknown}
Potions
 d - 2 potions of might
 f - a potion of cancellation {unknown}
 g - 7 potions of curing {unknown}
 h - a potion of brilliance {unknown}
 k - a potion of heal wounds {unknown}
 m - a potion of degeneration {unknown}
 o - 2 potions of mutation {unknown}
 w - a potion of haste {unknown}


   Skills:
 + Level 5.6 Fighting
 + Level 4.9 Axes
 + Level 5.6 Armour
 + Level 5.5 Shields
 * Level 1.8 Invocations


You had 6 spell levels left.
You didn't know any spells.
Your spell library contained the following spells:

 Spells                   Type           Power      Damage    Failure   Level
 Sublimation of Blood     Necr           0%         N/A       94%         2
 Wereblood                Tmut           0%         N/A       94%         2
 Dazzling Flash           Conj/Hex       0%         N/A       99%         3
 Agony                    Necr           0%         N/A       100%        5
 Silence                  Hex/Air        0%         N/A       100%        5
 Orb of Destruction       Conj           0%         9d5       100%        7
 Summon Guardian Golem    Hex/Summ       Unusable   N/A       N/A         3
 Spellforged Servitor     Conj/Summ      Unusable   N/A       N/A         7
 Summon Hydra             Summ           Unusable   N/A       N/A         7

Dungeon Overview and Level Annotations

Branches:
Dungeon (5/15)             Temple (1/1) D:4

Altars:
Ashenzari
Cheibriados
Elyvilon
Fedhas
Gozag
Hepliaklqana
Kikubaaqudgha
Makhleb
Nemelex Xobeh
Okawaru
Qazlal
Ru
Uskayaw
Vehumet
Wu Jian
Xom
Yredelemnul
Zin

Shops:
D:4 *

Annotations:
D:4 1 runed translucent door, CaptainMV's ghost, amateur DrAE


Innate Abilities, Weirdness & Mutations

You have a pair of horns on your head.
You reflexively headbutt those who attack you in melee.


Message History

The ice beast barely misses you.
You closely miss the ice beast.
The ice beast hits you but does no damage.
You hit the ice beast but do no damage.
The shadow imp shouts, "Bolt, thou beslubbering two-tin-hat meatball!"
The ice beast hits you. The ice beast freezes you!
The shadow imp gestures at you. Pain shoots through your body!
The ice beast hits you. The ice beast freezes you!
You are too injured to fight recklessly!
You are too injured to fight recklessly!
Unknown command.
You fail to use your ability.
You block the ice beast's attack.
You barely miss the ice beast. The ice beast barely misses you.
You hit the ice beast but do no damage. Your headbutt misses the ice beast.
You block the ice beast's attack.
You hit the ice beast. You headbutt the ice beast!
The ice beast is heavily wounded.
You hit the shadow imp but do no damage.
The shadow imp hits you but does no damage.
You block the ice beast's attack. The shadow imp closely misses you.
The ice beast barely misses you.
You hit the ice beast but do no damage.
The ice beast is heavily wounded.
You slash the shadow imp! The shadow imp closely misses you.
The ice beast hits you. The ice beast freezes you!
* * * LOW HITPOINT WARNING * * *
You barely miss the ice beast. Your headbutt misses the ice beast.
The ice beast is moderately wounded.
You hit the shadow imp but do no damage.
The shadow imp hits you but does no damage.
The ice beast barely misses you.
You barely miss the ice beast.
The ice beast is moderately wounded.
You barely miss the shadow imp.
The shadow imp hits you but does no damage.
The ice beast hits you.
* * * LOW HITPOINT WARNING * * *
The ice beast freezes you!
You die...

....###.........
#...#...........
#..............
#.............
##.......!.....
##.......$......
##...............
###........5.......
#####..........@......#
##...............Y.....#
#......................#
..........(...........##
......(...............#
...).............#.....#
...)...........##..##..#
.รท.).........### .##
#.. ...[........##


You could see an ice beast and a shadow imp.

Vanquished Creatures
  A phantom (D:5)
  A scorpion (D:4)
  A crimson imp (D:4)
  2 hounds
  Jessica (D:2)
  3 iguanas
  An orc wizard (D:5)
  Robin (D:3)
  5 adders
  2 worms
  5 dart slugs
  10 orcs
  8 endoplasms
  5 giant cockroaches
  11 goblins
  13 hobgoblins
  10 jackals
  4 quokkas
  6 ball pythons
  5 bats
  5 frilled lizards
  7 kobolds
  10 rats
117 creatures vanquished.

Notes
Turn   | Place    | Note
-------+----------+-------------------------------------------
     0 | D:1      | ChadusMaximus the Minotaur Fighter began the quest for the
                  | Orb.
     0 | D:1      | Reached XP level 1. HP: 19/19 MP: 0/0
   137 | D:1      | Reached XP level 2. HP: 26/27 MP: 1/1
   175 | D:1      | Found a faded altar of an unknown god.
   485 | D:1      | Reached XP level 3. HP: 32/33 MP: 2/2
  1190 | D:2      | Noticed Jessica
  1196 | D:2      | Noticed Robin
  1213 | D:3      | Killed Robin
  1449 | D:3      | Reached XP level 4. HP: 40/41 MP: 3/3
  1669 | D:3      | Found an ornate altar of the Wu Jian Council.
  1876 | D:3      | Found a stormy altar of Qazlal.
  1886 | D:3      | Reached XP level 5. HP: 38/47 MP: 4/4
  2639 | D:2      | Killed Jessica
  2731 | D:2      | Reached skill level 5 in Armour
  2876 | D:4      | Found a runed translucent door.
  2881 | D:4      | Noticed CaptainMV's ghost (amateur DrAE)
  3055 | D:4      | Reached skill level 5 in Fighting
  3055 | D:4      | Reached skill level 5 in Shields
  3226 | D:4      | Found Gutzir's Mayhem Merchandise.
  3243 | D:4      | Found a staircase to the Ecumenical Temple.
  3254 | D:4      | Reached XP level 6. HP: 55/56 MP: 5/5
  3263 | Temple   | Entered the Ecumenical Temple
  3337 | Temple   | Became a worshipper of Warmaster Okawaru
  3618 | D:4      | Found a sparkling altar of Nemelex Xobeh.
  3653 | D:4      | Found a radiant altar of Vehumet.
  3654 | D:4      | Found a burning altar of Makhleb.
  3911 | D:5      | Entered Level 5 of the Dungeon
  4019 | D:5      | Reached skill level 1 in Invocations
  4054 | D:5      | Reached XP level 7. HP: 12/61 MP: 7/7
  4359 | D:5      | Reached * piety under Okawaru
  4383 | D:5      | Slain by an ice beast

Illustrated notes

Levels and vault maps discovered:
D:1:      dpeg_arrival_more_subterranean_lakeside_camping, layout_basic,
          serial_glass, glass_columns_b, glass_columns_a,
          shapermc_ecumenical_altar_starsandcircs
D:2:      layout_basic, uniq_robin, uniq_jessica
D:3:      layout_basic, nicolae_wu_jian_wuxing_cycle, lemuel_round_altar,
          minmay_splitting_lines, feat_on_display
D:4:      layout_cave_pools, grunt_temple_overflow_lords_of_destruction,
          nemelex_dance_club_becter, minmay_temple_entry_water_ring,
          ebering_ghost_sewer_d, minmay_shop_mayhem, kennysheep_generic_room_10
D:5:      layout_layer_cave, gammafunk_temple_overflow_statue, serial_shops,
          shop_statue, shop, nicolae_diamond_shop, nicolae_shop_trees
Temple:   nicolae_temple_god_jail

Skill      XL: |  1  2  3  4  5  6 |
---------------+-------------------+-----
Shields        | 4 5 |  5.5
Fighting       | 4 5 |  5.6
Armour         | 4 5 |  5.6
Axes           | 3 4 |  4.9
Invocations    | 1 |  1.8

Action                   |  1- 3 |  4- 6 |  7- 9 || total
-------------------------+-------+-------+-------++-------
Melee: War axe           |   108 |   158 |    13 ||   279
       Headbutt          |    17 |    27 |     3 ||    47
Armor: Scale mail        |    52 |    59 |     5 ||   116
Dodge: Dodged            |    54 |    73 |    10 ||   137
Block: Buckler           |    30 |    27 |     3 ||    60
